 Dungeon Crawl Stone Soup version 0.30-a0-634-g8abc85282e (webtiles) character file.

Game seed: 17441356525620034476

576 Citaku the Covered (level 7, -3/61 HPs)
             Began as a Minotaur Fighter on Jan 14, 2023.
             Slain by a gnoll
             ... wielding a +0 halberd
             ... led by a gnoll bouda
              (13 damage)
             ... on level 5 of the Dungeon.
             The game lasted 00:07:32 (3450 turns).

Citaku the Covered (Minotaur Fighter)               Turns: 3450, Time: 00:07:33

Health: -3/61      AC:  9    Str: 22    XL:     7   Next: 12%
Magic:  6/6        EV:  9    Int:  5    God:
Gold:   242        SH:  5    Dex: 10    Spells: 6/6 levels left

rFire   . . .      SeeInvis .    a - +0 war axe
rCold   . . .      Faith    .    c - +0 buckler
rNeg    . . .      Spirit   .    b - +0 scale mail
rPois   .          Reflect  .    (helmet restricted)
rElec   .          Harm     .    (no cloak)
rCorr   .          Rampage  .    (no gloves)
Will    .....                    h - +0 pair of boots Stlth
                                 (no amulet)
HPRegen 0.30/turn                (no ring)
MPRegen 0.10/turn                (no ring)

@: mighty, weakened
A: horns 2, retaliatory headbutt
a: no special abilities


You were on level 5 of the Dungeon.
You visited 1 branch of the dungeon, and saw 5 of its levels.

You collected 242 gold pieces.

Inventory:

Hand Weapons
 a - a +0 war axe (weapon)
Armour
 b - a +0 scale mail (worn)
 c - a +0 buckler (worn)
 h - a +0 pair of boots (worn)
Jewellery
 t - a ring of flight
Scrolls
 g - 4 scrolls of identify {unknown}
 i - a scroll of silence {unknown}
 k - 2 scrolls of teleportation {unknown}
 l - 3 scrolls of fear {unknown}
 m - a scroll of fog {unknown}
 n - a scroll of butterflies {unknown}
 p - a scroll of enchant weapon {unknown}
 q - 2 scrolls of enchant armour {unknown}
 r - a scroll of immolation {unknown}
 s - 2 scrolls of amnesia {unknown}
Potions
 d - a potion of might
 e - a potion of ambrosia {unknown}
 f - 3 potions of brilliance {unknown}
 j - a potion of resistance {unknown}
 o - 3 potions of heal wounds {unknown}


   Skills:
 + Level 5.1 Fighting
 * Level 5.8 Axes
 * Level 6.4 Armour
 + Level 5.1 Shields


You had 6 spell levels left.
You didn't know any spells.
Your spell library contained the following spells:

 Spells                   Type           Power      Damage    Failure   Level
 Apportation              Tloc           0%         N/A       86%         1
 Necrotise                Necr           0%         1d4       86%         1
 Summon Small Mammal      Summ           0%         N/A       86%         1
 Blink                    Tloc           0%         N/A       94%         2
 Momentum Strike          Conj/Tloc      0%         3d8       94%         2
 Lesser Beckoning         Tloc           0%         N/A       99%         3


Dungeon Overview and Level Annotations

Branches:
Dungeon (5/15)
 Temple: D:4-7

Altars:
Ashenzari
Qazlal
Zin

Shops:
D:3 :   D:4 =:[:[


Innate Abilities, Weirdness & Mutations

You have a pair of horns on your head.
You reflexively headbutt those who attack you in melee.


Message History

The gnoll closely misses you. x2
You slash the gnoll!
You kill the gnoll!
The gnoll closely misses you.
The gnoll bouda barks out a call to the hunt!
The gnolls pick up the pace!
A gnoll comes into view. It is wielding a +0 club.
Found a stone staircase leading down.
The gnoll closely misses you.
You barely miss the gnoll bouda. You headbutt the gnoll bouda.
The gnoll bouda is moderately wounded.
A gnoll comes into view. It is wielding a +0 spear.
The gnoll hits you from afar with a +0 halberd.
The adder barely misses you. You block the gnoll bouda's attack.
The gnoll misses you.
You slash the gnoll bouda!
The gnoll bouda is almost dead.
You hit the adder. The adder bites you but does no damage.
The gnoll hits you but does no damage.
The gnoll hits you from afar with a +0 halberd!
The gnoll bouda gazes fiercely through you!
You feel your attacks grow feeble.
The gnoll bouda hits you but does no damage.
You block the gnoll's attack.
You are too injured to fight recklessly!
You are too injured to fight recklessly!
You slash the gnoll bouda!
You kill the gnoll bouda!
You slash the adder!
You kill the adder!
The gnoll hits you from afar with a +0 halberd!
* * * LOW HITPOINT WARNING * * *
The gnoll hits you from afar with a +0 halberd.
* * * LOW HITPOINT WARNING * * *
The gnoll barely misses you.
The gnoll hits you from afar with a +0 halberd.
* * * LOW HITPOINT WARNING * * *
The gnoll hits you with a +0 halberd.
* * * LOW HITPOINT WARNING * * *
The gnoll hits you with a +0 halberd!
You die...

#.#############.#
#.# ###.# #.#
..#.# #.# #.#.#
######.# #.#.#
.......# #.#.#
######## # #.#.#
. #
#.###.#.##.... #
#gg@........... #
#.g##g#.##..... #
###### #>g #.#...
.... # #....# #..
........... #
#....#
#..##.####..... #
#....# #.. #.#
..... # #....#
#.. #.# ... #
#....# #.. ... ..
# #....# #


You could see 5 gnolls.

Vanquished Creatures
  2 ogres (D:4)
  A phantom (D:4)
  An orc priest (D:4)
  A gnoll bouda (D:5)
  2 hounds (D:4)
  An orc wizard (D:4)
  A gnoll (D:5)
  7 adders
  An ufetubus (D:5)
  3 worms (D:2)
  4 dart slugs
  7 orcs (D:4)
  2 bats
  4 endoplasms
  3 giant cockroaches
  3 goblins
  4 hobgoblins
  8 jackals
  7 quokkas
  12 ball pythons
  2 frilled lizards (D:1)
  13 kobolds
  3 rats (D:1)
  A spectral goblin (D:1)
93 creatures vanquished.

Notes
Turn   | Place    | Note
-------+----------+-------------------------------------------
     0 | D:1      | Citaku the Minotaur Fighter began the quest for the Orb.
     0 | D:1      | Reached XP level 1. HP: 19/19 MP: 0/0
   118 | D:1      | Found a faded altar of an unknown god.
   214 | D:1      | Reached XP level 2. HP: 24/27 MP: 1/1
   270 | D:1      | Reached skill level 4 in Armour
   550 | D:2      | Reached XP level 3. HP: 33/33 MP: 2/2
   561 | D:2      | You fall into a shaft and drop 1 floor!
   887 | D:2      | Reached XP level 4. HP: 36/40 MP: 3/3
  1130 | D:3      | Found Edirravi's Book Boutique.
  1231 | D:3      | Found a broken altar of Ashenzari.
  1246 | D:3      | Found a stormy altar of Qazlal.
  1604 | D:3      | Identified the amulet "Fakitaewn" {Spirit -Tele *Slow Str+3
                  | Int+8}
  1805 | D:4      | Found Totijias's Jewellery Shop.
  1816 | D:4      | Noticed an ogre
  1824 | D:4      | Killed an ogre
  1825 | D:4      | Reached skill level 5 in Armour
  1825 | D:4      | Reached XP level 5. HP: 4/47 MP: 4/4
  2258 | D:4      | Reached XP level 6. HP: 53/53 MP: 5/5
  2303 | D:4      | Reached skill level 5 in Axes
  2391 | D:4      | Reached skill level 5 in Fighting
  2391 | D:4      | Reached skill level 6 in Armour
  2391 | D:4      | Reached skill level 5 in Shields
  2877 | D:4      | Found Cetotota's Book Shoppe.
  2879 | D:4      | Found Wofahues's Antique Armour Shop.
  2879 | D:4      | Found Utimosu's Book Boutique.
  2880 | D:4      | Found Juvvuhapp's Antique Armour Shop.
  3295 | D:5      | Entered Level 5 of the Dungeon
  3295 | D:5      | Found a glowing silver altar of Zin.
  3298 | D:5      | Reached XP level 7. HP: 61/61 MP: 6/6
  3450 | D:5      | Slain by a gnoll

Illustrated notes

Levels and vault maps discovered:
D:1:      eino_arrival_water_star, layout_rooms,
          dreamdust_ecumenical_altar_drowned_temple
D:2:      layout_basic
D:3:      layout_rooms, nicolae_overflow_squiral, serial_shops,
          nicolae_shop_waterfront, minmay_snake_closets
D:4:      layout_loops_ring, serial_co_window_serial, co_window_cross_1,
          co_window_paths_a, co_window_paths_a, co_window_corner_a,
          co_window_paths_b, co_window_paths_b, co_window_of_opportunity_a,
          co_window_corner_ca, co_window_of_opportunity_b, co_window_corner_b,
          co_window_paths_c, co_window_paths_c, co_window_paths_e,
          glass_columns_c, glass_columns_b, serial_shops, shop_fountains,
          nicolae_wooded_promenade
D:5:      layout_basic, mainiacjoe_overflow_tiny_flanked,
          minmay_temple_entry_purple_smoke

Skill      XL: |  1  2  3  4  5  6 |
---------------+-------------------+-----
Armour         | 4 5 6 |  6.4
Axes           | 3 4 5 |  5.8
Fighting       | 4 5 |  5.1
Shields        | 4 5 |  5.1

Action                   |  1- 3 |  4- 6 |  7- 9 || total
-------------------------+-------+-------+-------++-------
Melee: War axe           |    87 |   115 |    10 ||   212
       Headbutt          |    17 |    14 |     1 ||    32
  Use: Potion            |       |       |     1 ||     1
Armor: Scale mail        |    41 |    48 |     5 ||    94
Dodge: Dodged            |    43 |    66 |     9 ||   118
Block: Buckler           |    27 |    23 |     3 ||    53

Table legend: (Time is in decaauts)
 A = Elapsed time spent in this place.
 B = Non-inter-level travel time spent in this place.
 C = Inter-level travel time spent in this place.
 D = Time resting spent in this place.
 E = Time spent auto-exploring this place.
 F = Levels seen in this place.
 G = Mean time per level.
                   A        B        C        D        E       F      G
               +--------+--------+--------+--------+--------+-----+--------+
         Total |   3530 |   3424 |    106 |      0 |   2781 |   5 |  706.0 |
       Dungeon |   3530 |   3424 |    106 |      0 |   2781 |   5 |  706.0 |
               +--------+--------+--------+--------+--------+-----+--------+

Top non-repeatable levels by time:
     D:4: 1507 daAuts
     D:3: 713 daAuts
     D:2: 593 daAuts
     D:1: 558 daAuts
     D:5: 157 daAuts
